 Dungeon Crawl Stone Soup version 0.30-a0-364-gf6b3ef1049 (webtiles) character file.

Game seed: 6973948329136501995

1497 mcwallace the Covert (level 8, -9/46 HPs)
             Began as a Vampire Enchanter on Nov 15, 2022.
             Mangled by Edmund
             ... wielding a +5 dire flail of holy wrath
              (14 damage)
             ... on level 6 of the Dungeon.
             The game lasted 00:14:11 (4500 turns).

mcwallace the Covert (Vampire Enchanter)            Turns: 4500, Time: 00:14:12

Health: -9/46      AC:  8    Str:  7    XL:     8   Next: 51%
Magic:  13/14      EV: 15    Int: 18    God:
Gold:   254        SH:  0    Dex: 22    Spells: 7/15 levels left

rFire   . . .      SeeInvis +    a - +1 dagger {short}
rCold   + + .      Faith    .    (no shield)
rNeg    + + +      Spirit   .    b - +0 robe
rPois   ∞          Reflect  .    (no helmet)
rElec   .          Harm     .    y - +0 cloak
rCorr   .          Rampage  .    (no gloves)
Will    .....                    d - +0 pair of boots
Stlth   ++++++....               e - amulet of magic regeneration {@e2}
HPRegen 0.00/turn                V - +6 ring of dexterity
MPRegen 0.54/turn                h - +4 ring of protection

@: about to teleport, bloodless, inhibited regen
A: bloodless, fangs 3, see invisible, vampiric 2
a: Bat Form, Revivify


You were on level 6 of the Dungeon.
You visited 1 branch of the dungeon, and saw 6 of its levels.

You collected 254 gold pieces.


Innate Abilities, Weirdness & Mutations

You do not regenerate when monsters are visible.
You are frail without blood (-20% HP).
You can heal yourself when you bite living creatures.
You are immune to poison.
You have razor-sharp teeth.
You have supernaturally acute eyesight. (SInv)
You are afflicted with vampirism and can become a bat while bloodless.


   Skills:
 + Level 3.5 Fighting
 + Level 4.7 Short Blades
 + Level 5.2 Dodging
 + Level 8.0 Stealth
 + Level 4.4 Spellcasting
 + Level 7.8 Hexes


You had 7 spell levels left.
You knew the following spells:

 Your Spells              Type           Power      Damage    Failure   Level
a - Ensorcelled Hibernat  Hex/Ice        36%        N/A       4%          2
b - Tukima's Dance        Hex            32%        N/A       1%          3
c - Confusing Touch       Hex            32%        N/A       1%          3

Your spell library contained the following spells:

 Spells                   Type           Power      Damage    Failure   Level
 Dazzling Flash           Conj/Hex       36%        N/A       9%          3
 Scorch                   Fire           6%         2d5       22%         2
 Static Discharge         Conj/Air       6%         2-3/arc   22%         2
 Vhi's Electric Charge    Tloc/Air       6%         N/A       38%         3
 Flame Wave               Conj/Fire      3%         2d5       80%         4
 Arcjolt                  Conj/Air       1%         1d11      98%         5
 Lightning Bolt           Conj/Air       1%         1d12      98%         5
 Summon Cactus Giant      Summ           1%         N/A       100%        6

Inventory:

Hand Weapons
 a - a +1 dagger (weapon) {short}
 r - a +1 antimagic dagger {short}
   (You took it off an orc on level 2 of the Dungeon)
 G - a +0 spectral club {mace}
   (You took it off Ijyb on level 3 of the Dungeon)
 R - a +1 trident of distortion {!wpolearm}
   (You found it on level 4 of the Dungeon)
Missiles
 l - 63 stones {throwing}
 v - 7 poisoned darts {throwing}
 x - 5 atropa-tipped darts (quivered) {throwing}
 D - 6 boomerangs {throwing}
Armour
 b - a +0 robe (worn)
 d - a +0 pair of boots (worn)
   (You found it on level 1 of the Dungeon)
 t - a +0 ring mail
   (You found it on level 2 of the Dungeon)
 y - a +0 cloak (worn)
   (You found it on level 2 of the Dungeon)
 z - a +0 leather armour
   (You took it off an orc on level 3 of the Dungeon)
 A - a +0 leather armour
   (You found it on level 3 of the Dungeon)
 B - a +0 leather armour
   (You took it off an orc on level 3 of the Dungeon)
 E - a +2 scale mail of poison resistance
   (You took it off an orc on level 3 of the Dungeon)
 H - a +0 chain mail
   (You took it off Ijyb on level 3 of the Dungeon)
 J - a +0 ring mail
   (You took it off an orc on level 3 of the Dungeon)
 K - a +0 robe
   (You took it off an orc wizard on level 3 of the Dungeon)
 L - a +0 leather armour
   (You took it off an orc on level 3 of the Dungeon)
 Q - a +0 chain mail
   (You took it off Terence on level 3 of the Dungeon)
 T - a +0 chain mail
   (You found it on level 4 of the Dungeon)
 W - a +0 leather armour
   (You found it on level 4 of the Dungeon)
 X - a +0 robe
   (You took it off an orc wizard on level 4 of the Dungeon)
 Y - a +0 leather armour
   (You took it off an orc on level 4 of the Dungeon)
Jewellery
 e - an amulet of magic regeneration (around neck) {@e2}
   (You found it on level 1 of the Dungeon)
 g - a ring of protection from fire
   (You found it on level 1 of the Dungeon)
 h - a +4 ring of protection (right hand)
   (You found it on level 1 of the Dungeon)
 p - a ring of positive energy
   (You found it on level 2 of the Dungeon)
 S - an amulet of reflection
   (You found it on level 4 of the Dungeon)
 V - a +6 ring of dexterity (left hand)
   (You took it off an orc on level 4 of the Dungeon)
Wands
 I - a wand of flame (22)
   (You took it off Ijyb on level 3 of the Dungeon)
Scrolls
 i - a scroll of enchant weapon {unknown}
 m - 3 scrolls of enchant armour {unknown}
 o - 3 scrolls of teleportation {@r4}
 q - a scroll of vulnerability {unknown}
 w - 2 scrolls of poison {unknown}
 M - 3 scrolls of identify {unknown}
 O - a scroll of amnesia {unknown}
 U - a scroll of silence {unknown}
Potions
 c - 2 potions of invisibility
 f - a potion of magic {unknown}
 j - a potion of haste {unknown}
 k - a potion of might {unknown}
 n - 5 potions of curing {unknown}
 s - 2 potions of heal wounds {unknown}
 u - a potion of resistance {unknown}
 C - 2 potions of cancellation {unknown}
 F - a potion of flight {unknown}
 N - a potion of ambrosia {unknown}
 P - a potion of attraction {unknown}
 Z - 3 potions of degeneration {unknown}

Dungeon Overview and Level Annotations

Branches:
Dungeon (6/15) Zot: 26564
 Temple: D:4-7

Altars:
Fedhas
Makhleb
Ru
Uskayaw
Vehumet
Wu Jian
Yredelemnul

Shops:
D:6 (

Annotations:
D:5 1 runed translucent door
D:6 Dowan, Edmund

#>......#
##....#
#.......#
#......
#.......#
#......
#.......#
##....#
#.......#
##....#
#.......#
#......
#.......#
##########
#.......#
#.)..>.[∩.
######.@...#
#.####≈≈##
.......@...#
#..#......
..#.#......#
##........
.....#....#
###......
..#o#.[e...#
#......
...o....#.##
#......
#.....#...#
#......
..._....#.#
#......
.....#..$#
#......


You could see Edmund, Dowan, an orc priest and an orc wizard.


Message History

Casting: Confusing Touch (safe; 1% risk of failure)
Confirm with . or Enter, or press ? or * to list all spells.
Aiming: Ensorcelled Hibernation (safe; 4% risk of failure)
Press: ? - help, Shift-Dir - straight line, f - adder
Aim: an adder (softly glowing, chance to affect: 59%)
The adder resists with significant effort.
The frilled lizard hisses angrily.
The adder bites you but does no damage. The adder barely misses you.
The frilled lizard misses you. 😎 MP[-2]
You lost 2 mp, and now have 12/14 mp.
You hit the frilled lizard.
You kill the frilled lizard!
The adder bites you but does no damage. 😎 MP[+1]
Casting: Ensorcelled Hibernation (safe; 4% risk of failure)
Confirm with . or Enter, or press ? or * to list all spells.
Aiming: Ensorcelled Hibernation (safe; 4% risk of failure)
Press: ? - help, Shift-Dir - straight line, f/p - adder
Aim: an adder (softly glowing, chance to affect: 59%)
The adder looks drowsy... 😎 MP[-2]
You lost 2 mp, and now have 11/14 mp.
The helpless adder fails to defend itself.
You bite the adder, and draw its blood! You spit the adder like a pig!!!
You kill the adder!
You open the door.
There is an open door here.
A scorpion comes into view. 😎 MP[+3]
Your mp is fully restored (14).
There is an open door here.
The helpless scorpion fails to defend itself.
You spit the scorpion like a pig!!!
You kill the scorpion!
You open the door.
There is an open door here.
There is an open door here.
You open the door.
There is an open door here.
You open the door.
There is an open door here.
There is a sacrificial altar of Ru here.
There is an open door here.
An adder comes into view.
The adder hisses angrily.
Casting: Ensorcelled Hibernation (safe; 4% risk of failure)
Confirm with . or Enter, or press ? or * to list all spells.
Aiming: Ensorcelled Hibernation (safe; 4% risk of failure)
Press: ? - help, Shift-Dir - straight line, f - adder
Aim: an adder (chance to affect: 60%)
The adder looks drowsy... 😎 MP[-2]
You lost 2 mp, and now have 12/14 mp. 😎 MP[+1]
The helpless adder fails to defend itself.
You bite the adder, and draw its blood!
You stick the adder like a pincushion!!!
You kill the adder!
Your Stealth skill increases to level 8!
Found a stone staircase leading down. 😎 MP[+1]
Your mp is fully restored (14).
Edmund the Younger comes into view.
He is wielding a +5 dire flail of holy wrath and wearing a +3 ring mail of cold resistance.
Found a radiant altar of Vehumet.
Dowan and an orc wizard come into view.
Dowan is wielding a +0 dagger and wearing a +2 robe of willpower.
Edmund shouts!
The orc wizard shouts!
Dowan shouts!
You hear a shout! x2
Edmund hits you with a +5 dire flail of holy wrath!
You convulse!
An orc priest comes into view. It is wielding a +0 club.
Dowan says, "Stay away from my face!" 😮 HP[-20]
You take 20 damage, and now have 26/46 hp.
MASSIVE DAMAGE!! (PAUSE)
Casting: Ensorcelled Hibernation (safe; 4% risk of failure)
Confirm with . or Enter, or press ? or * to list all spells.
Aiming: Ensorcelled Hibernation (safe; 4% risk of failure)
Press: ? - help, Shift-Dir - straight line, f - Dowan
Aim: Dowan, wielding a +0 dagger and wearing a +2 robe of willpower (chance to affect: 19%) Edmund is unaffected.
Edmund hits you with a +5 dire flail of holy wrath.
* * * LOW HITPOINT WARNING * * *
You convulse.
* * * LOW HITPOINT WARNING * * *
😨 HP[-5] MP[-2]
You take 5 damage, and now have 21/46 hp.
You lost 2 mp, and now have 12/14 mp.
As you read the scroll of teleportation {@r4}, it crumbles to dust.
You feel strangely unstable.
Edmund hits you with a +5 dire flail of holy wrath!
* * * LOW HITPOINT WARNING * * *
You convulse!
* * * LOW HITPOINT WARNING * * *
😱 HP[-16] MP[+1]
You take 16 damage, and now have 5/46 hp.
MASSIVE DAMAGE!! (PAUSE) Edmund attacks as you move away!
Edmund hits you with a +5 dire flail of holy wrath!
You die...

Skill      XL: |  1  2  3  4  5  6  7  8 |
---------------+-------------------------+-----
Fighting       | 1 2 3 |  3.5
Stealth        | 5 6 7 8 |  8.0
Hexes          | 5 6 7 |  7.8
Short Blades   | 2 3 4 |  4.7
Dodging        | 3 4 5 |  5.2
Spellcasting   | 3 4 |  4.4

Action                   |  1- 3 |  4- 6 |  7- 9 || total
-------------------------+-------+-------+-------++-------
Melee: Dagger            |    75 |   104 |   172 ||   351
       Bite              |     8 |     8 |    23 ||    39
       Punch             |       |       |     3 ||     3
Throw: Dart              |       |     1 |       ||     1
 Cast: Ensorcelled Hiber |     9 |    24 |    21 ||    54
       Tukima's Dance    |       |       |     5 ||     5
       Confusing Touch   |       |       |     5 ||     5
 Abil: Exsanguinate      |     1 |       |       ||     1
  Use: Scroll            |       |       |     2 ||     2
 Stab: Sleeping          |    19 |    27 |    17 ||    63
       Invisible         |       |     1 |       ||     1
       Confused          |       |       |     3 ||     3
       Distracted        |       |       |     2 ||     2
Armor: Robe              |    22 |    20 |    34 ||    76
Dodge: Dodged            |    43 |    50 |    81 ||   174

Levels and vault maps discovered:
D:1:      wander_arrival_peaceful_grave, layout_basic,
          ebering_ecumenical_altar_mist, minmay_tiny_reverse_x
D:2:      layout_basic, basic_altar, chequers_serial_rivers_micro_c,
          minmay_nonomino_d4
D:3:      wad_crossroads, layout_basic, mainiacjoe_overflow_cross_hatched,
          uniq_ijyb, uniq_terence
D:4:      layout_loops_ring, lemuel_tele_altar,
          nicolae_uskayaw_murder_on_the_dancefloor
D:5:      layout_cave_pools, dk_yredelemnul_ordeal
D:6:      layout_gridville, nicolae_vehumet_radiance,
          nicolae_ru_great_annihilating_truth, cheibriados_altar_1,
          serial_shops, nicolae_shop_hallway_stairs, item_on_display_a,
          uniq_duvessa, uniq_menkaure, uniq_edmund

Notes
Turn   | Place    | Note
-------+----------+-------------------------------------------
     0 | D:1      | mcwallace the Vampire Enchanter began the quest for the
                  | Orb.
     0 | D:1      | Reached XP level 1. HP: 13/13 MP: 3/3
     0 | D:1      | magus.rc [v1.9.6]
   137 | D:1      | HP: 3/13 [goblin/+0 club (4)]
   349 | D:1      | Reached XP level 2. HP: 20/20 MP: 5/5
   352 | D:1      | Learned a level 2 spell: Ensorcelled Hibernation
   394 | D:1      | Found a faded altar of an unknown god.
   936 | D:2      | Gained mutation: You are afflicted with vampirism and can
                  | become a bat while bloodless. [Vampire growth]
   936 | D:2      | Reached XP level 3. HP: 25/25 MP: 6/6
   955 | D:2      | Found an ornate altar of the Wu Jian Council.
  1060 | D:2      | Reached skill level 1 in Fighting
  1524 | D:3      | Reached skill level 5 in Stealth
  1587 | D:3      | Reached skill level 5 in Hexes
  1608 | D:3      | Noticed a scorpion
  1620 | D:3      | Killed a scorpion
  1621 | D:3      | Reached skill level 2 in Short Blades
  1621 | D:3      | Reached skill level 3 in Dodging
  1621 | D:3      | Reached XP level 4. HP: 25/25 MP: 1/7
  1721 | D:3      | Found a burning altar of Makhleb.
  1785 | D:3      | Noticed an ogre
  1785 | D:3      | Noticed Terence
  1820 | D:3      | Killed an ogre
  1821 | D:3      | Reached XP level 5. HP: 17/30 MP: 3/9
  2034 | D:3      | Noticed Ijyb
  2039 | D:3      | Killed Ijyb
  2209 | D:3      | Reached XP level 6. HP: 35/35 MP: 8/10
  2660 | D:3      | Killed Terence
  2661 | D:3      | Reached skill level 2 in Fighting
  2661 | D:3      | Reached skill level 6 in Hexes
  2718 | D:4      | Found a blossoming altar of Fedhas.
  2894 | D:4      | Reached skill level 6 in Stealth
  2894 | D:4      | Reached skill level 3 in Spellcasting
  2910 | D:4      | Found a hide-covered altar of Uskayaw.
  2933 | D:4      | Reached skill level 3 in Short Blades
  3165 | D:4      | Learned a level 3 spell: Tukima's Dance
  3307 | D:5      | Entered Level 5 of the Dungeon
  3309 | D:5      | Reached skill level 4 in Dodging
  3309 | D:5      | Reached XP level 7. HP: 40/40 MP: 11/11
  3313 | D:5      | You pick up a book of Scorching and begin reading...
  3313 | D:5      | You add the spells Scorch, Flame Wave and Summon Cactus
                  | Giant to your library.
  3377 | D:5      | Learned a level 3 spell: Confusing Touch
  3394 | D:5      | You pick up a book of Lightning and begin reading...
  3394 | D:5      | You add the spells Static Discharge, Vhi's Electric Charge,
                  | Lightning Bolt and Arcjolt to your library.
  3540 | D:5      | Reached skill level 7 in Stealth
  3540 | D:5      | Reached skill level 7 in Hexes
  3761 | D:5      | Found a runed translucent door.
  3761 | D:5      | Noticed a human
  3765 | D:5      | Found a basalt altar of Yredelemnul.
  4049 | D:6      | Reached skill level 3 in Fighting
  4049 | D:6      | Reached skill level 4 in Short Blades
  4049 | D:6      | Reached XP level 8. HP: 46/46 MP: 13/13
  4066 | D:6      | Reached skill level 4 in Spellcasting
  4068 | D:6      | Noticed Menkaure
  4073 | D:6      | Found Ufibooh's Antique Weapon Boutique.
  4196 | D:6      | Killed Menkaure
  4251 | D:6      | Reached skill level 5 in Dodging
  4394 | D:6      | Found a sacrificial altar of Ru.
  4474 | D:6      | Reached skill level 8 in Stealth
  4490 | D:6      | Noticed Edmund
  4495 | D:6      | Found a radiant altar of Vehumet.
  4496 | D:6      | Noticed Dowan
  4498 | D:6      | HP: 5/46 [Edmund/+5 dire flail of holy wrath (9)]
  4500 | D:6      | Mangled by Edmund

Vanquished Creatures
  Menkaure (D:6)
  3 ice beasts
  2 ogres
  2 phantoms (D:5)
  3 scorpions
  A howler monkey (D:5)
  A hound (D:4)
  2 orc priests (D:4)
  Terence (D:3)
  Ijyb (D:3)
  3 iguanas
  5 orc wizards
  2 gnolls (D:5)
  9 adders
  A shadow imp (D:6)
  2 worms
  A dart slug (D:2)
  16 orcs
  6 endoplasms
  A giant cockroach (D:3)
  14 goblins
  7 hobgoblins
  4 kobolds
  A quokka (D:5)
  5 ball pythons
  7 bats
  2 frilled lizards
  3 rats
106 creatures vanquished.

Vanquished Creatures (collateral kills)
  2 gnolls (D:5)
2 creatures vanquished.

Vanquished Creatures (others)
  3 dancing weapons (D:5)
3 creatures vanquished.

Grand Total: 111 creatures vanquished

Table legend:
 A = Non-vault XP
 B = Vault XP
 C = Vault XP percentage of total XP
 D = Non-vault monster count
 E = Vault monster count
 F = Vault count percentage of total count
                 A         B        C        D         E       F
            +---------+---------+-------+---------+---------+-------
      Total |    1804 |     335 |  15.7 |      89 |      19 |  17.6
            +---------+---------+-------+---------+---------+-------
        D:1 |      16 |       4 |  20.0 |      10 |       2 |  16.7
        D:2 |      33 |      12 |  26.7 |      10 |       6 |  37.5
        D:3 |     285 |      93 |  24.6 |      24 |       6 |  20.0
        D:4 |     227 |       0 |   0.0 |      16 |       0 |   0.0
        D:5 |     640 |       0 |   0.0 |      18 |       0 |   0.0
        D:6 |     603 |     226 |  27.3 |      11 |       5 |  31.2
            +---------+---------+-------+---------+---------+-------

Illustrated notes

Table legend:
 A = Kills in this place as a percentage of kills in entire the game.
 B = Kills by you in this place as a percentage of kills by you in the entire game.
 C = Kills by friends in this place as a percentage of kills by friends in the entire game.
 D = Other kills in this place as a percentage of other kills in the entire game.
 E = Experience gained in this place as a percentage of experience gained in the entire game.
 F = Experience gained in this place divided by the number of levels of this place that you have seen.
                   A       B       C       D       E      F
               +-------+-------+-------+-------+-------+----------------------
         Total | 100.0 | 100.0 | 100.0 |   N/A | 100.0 | 356.5
       Dungeon | 100.0 | 100.0 | 100.0 |   N/A | 100.0 | 356.5
               +-------+-------+-------+-------+-------+----------------------

Table legend: (Time is in decaauts)
 A = Elapsed time spent in this place.
 B = Non-inter-level travel time spent in this place.
 C = Inter-level travel time spent in this place.
 D = Time resting spent in this place.
 E = Time spent auto-exploring this place.
 F = Levels seen in this place.
 G = Mean time per level.
                   A        B        C        D        E       F      G
               +--------+--------+--------+--------+--------+-----+--------+
         Total |   4442 |   4301 |    141 |     73 |   3156 |   6 |  740.3 |
       Dungeon |   4442 |   4301 |    141 |     73 |   3156 |   6 |  740.3 |
               +--------+--------+--------+--------+--------+-----+--------+

Top non-repeatable levels by time:
     D:3: 1175 daAuts
     D:2: 771 daAuts
     D:5: 722 daAuts
     D:1: 715 daAuts
     D:4: 622 daAuts
     D:6: 435 daAuts
